 Dungeon Sprint DCSS version 0.21-a0-70-g32e1473 (webtiles) character file.

158058 Kidiri the Imperceptible (level 17, -4/192 HPs)
             Began as a Naga Fighter on June 18, 2017.
             Was a High Priest of Cheibriados.
             Slain by Geryon (10 damage)
             ... in the Dungeon (Sprint V: "Ziggurat Sprint").
             The game lasted 00:25:14 (2906 turns).

Kidiri the Imperceptible (Naga Fighter)             Turns: 2906, Time: 00:25:14

Health: -4/192     AC: 38    Str: 50    XL:     17   Next: 71%
Magic:  4/26       EV: 20    Int: 21    God:    Cheibriados [*****.]
Gold:   0          SH: 39    Dex: 39    Spells: 16/16 levels left

rFire    . . .     SeeInvis +   J - +14 obsidian axe {chop, +Fly SInv *Curse} (curse)
rCold    + . .     Gourm    .   L - +18 shield of the Gong {rElec rN+ MR+ EV-5}
rNeg     + . .     Faith    .   K - +15 Maxwell's patent armour {-Cast -Tele rElec MR+ rCorr}
rPois    +         Spirit   .   (helmet restricted)
rElec    +         Reflect  .   Q - +2 cloak {MR+}
rCorr    +         Harm     .   A - -3 pair of gloves of Grace {*Corrode Str+6 Dex+6} (curse)
MR       +++++     Rnd*Rage +   (no barding) Stlth +++++.....NoTele +
                                X - amulet of magic regeneration
HPRegen  0.42/turn NoCast   +   D - +6 ring of strength
MPRegen  0.45/turn              b - ring of Xouzeim {rC+ Str+3 Dex+4}

@: mesmerised, drained, very slow
A: horns 1, thin metallic scales 1, see invisible, berserk 1, deformed body,
dopey 1, low mp 1, poison resistance, screaming 1, slowness 2, slow metabolism
1, spit poison 1, constrict 1, sturdy frame 1, AC +5
a: Spit Poison, Bend Time, Temporal Distortion, Slouch, Step From Time, Renounce
Religion, Evoke Flight


You were in the Dungeon.
You worshipped Cheibriados.
Cheibriados was extremely pleased with you.
You were not hungry.

You visited 1 branch

Inventory:

Hand Weapons
 J - the cursed +14 obsidian axe (weapon) {chop, +Fly SInv *Curse}
   (You found it in the Dungeon)

   It inflicts extra damage upon your enemies.
   It lets you see invisible.
   It lets you fly.
   It curses itself when equipped.
   It has a curse placed upon it.
Armour
 A - the cursed -3 pair of gloves of Grace (worn) {*Corrode Str+6 Dex+6}
   (You found it in the Dungeon)

   It affects your strength (+6).
   It affects your dexterity (+6).
   It may corrode you when you take damage.
   It has a curse placed upon it.
 K - the +15 Maxwell's patent armour (worn) {-Cast -Tele rElec MR+ rCorr}
   (You found it in the Dungeon)

   It insulates you from electricity.
   It affects your resistance to hostile enchantments.
   It prevents spellcasting.
   It prevents most forms of teleportation.
   It protects you from acid and corrosion.
 L - the +18 shield of the Gong (worn) {rElec rN+ MR+ EV-5}
   (You found it in the Dungeon)

   It affects your evasion (-5).
   It insulates you from electricity.
   It protects you from negative energy.
   It affects your resistance to hostile enchantments.
 Q - a +2 cloak of magic resistance (worn)
Jewellery
 a - the ring "Postriyr" {rN+ Int+5}
   (You found it in the Dungeon)

   [ring of intelligence]

   It affects your intelligence (+5).
   It protects you from negative energy.
 b - the ring of Xouzeim (right hand) {rC+ Str+3 Dex+4}
   (You found it in the Dungeon)

   [ring of protection from cold]

   It affects your strength (+3).
   It affects your dexterity (+4).
   It protects you from cold.
 c - a +6 ring of dexterity
 y - a +6 ring of dexterity
 C - the amulet of the Little Devil {Inacc *Slow rC+++ MR+ Str+4}
   (You found it in the Dungeon)

   [amulet of inaccuracy]

   It reduces the accuracy of all your attacks.
   It affects your strength (+4).
   It renders you almost immune to cold.
   It affects your resistance to hostile enchantments.
   It may slow you when you take damage.
 D - a +6 ring of strength (left hand)
 E - a +6 ring of strength
 M - the amulet of Dostris {Spirit *Contam rN+++ Int+5}
   (You found it in the Dungeon)

   [amulet of guardian spirit]

   It causes incoming damage to be split between your health and magic.
   It affects your intelligence (+5).
   It renders you almost immune to negative energy.
   It causes magical contamination when unequipped.
 R - the ring of Fouroing {rElec rPois rF++ Int-2 Stlth-}
   (You found it in the Dungeon)

   [ring of loudness]

   It affects your intelligence (-2).
   It greatly protects you from fire.
   It insulates you from electricity.
   It protects you from poison.
   It makes you less stealthy.
 S - the ring "Qishiov" {rN+ EV+4}
   (You found it in the Dungeon)

   [ring of evasion]

   It affects your evasion (+4).
   It protects you from negative energy.
 T - a ring of the Octopus King {rC+ AC+1 EV+1 Str+1 Int+1 Dex+1}
   (You took it off a spriggan air mage in the Dungeon)

   [ring of protection from cold]

   It affects your AC (+1).
   It affects your evasion (+1).
   It affects your strength (+1).
   It affects your intelligence (+1).
   It affects your dexterity (+1).
   It protects you from cold.
 U - the ring of Liodeat {MR+ SInv}
   (You found it in the Dungeon)

   [ring of see invisible]

   It affects your resistance to hostile enchantments.
   It lets you see invisible.
 W - the ring "Enuidd" {MR+ Slay+3 Stlth-}
   (You took it off a deep elf archer in the Dungeon)

   [ring of loudness]

   It affects your accuracy and damage with ranged weapons and melee attacks
   (+3).
   It affects your resistance to hostile enchantments.
   It makes you less stealthy.
 X - an amulet of magic regeneration (around neck)
Wands
 F - a wand of disintegration (7/24)
 G - a wand of iceblast (5/15)
 H - a wand of lightning (5/15)
 I - a wand of acid (5/15)
Scrolls
 h - 2 scrolls of brand weapon
 k - 4 scrolls of blinking
 q - 4 scrolls of amnesia
 r - 4 scrolls of recharging
 s - 7 scrolls of fog
 t - 2 scrolls of holy word
 u - 5 scrolls of identify
 v - 5 scrolls of remove curse
 w - 2 scrolls of fear
 O - 4 scrolls of enchant weapon
 Z - 7 scrolls of enchant armour
Potions
 d - 8 potions of might
 e - 10 potions of curing
 g - 11 potions of heal wounds
 i - 7 potions of magic
 l - 2 potions of brilliance
 m - 2 potions of invisibility
 n - 4 potions of resistance
 p - 6 potions of agility
Comestibles
 f - 5 bread rations
 x - 31 fruits
 z - 4 meat rations


   Skills:
 * Level 21.6(21.1) Fighting
 * Level 22.9(22.3) Axes
 * Level 19.0(18.4) Armour
 + Level 15.7(15.2) Dodging
 + Level 23.2(22.6) Stealth
 * Level 18.9(18.4) Shields
 + Level 17.4(16.9) Invocations
 + Level 16.4(15.9) Evocations


You had 16 spell levels left.
You didn't know any spells.

Dungeon Overview and Level Annotations

Branches:
Dungeon (1/1)

Altars:
Ashenzari
Cheibriados
Dithmenos
Elyvilon
Fedhas
Gozag
Hepliaklqana
Kikubaaqudgha
Makhleb
Nemelex Xobeh
Okawaru
Qazlal
Ru
Sif Muna
Trog
Uskayaw
Vehumet
Wu Jian
Xom
Yredelemnul
Zin
The Shining One
Beogh
Jiyva
Lugonu

Annotations:
D Asmodeus, Boris, Dispater, Ereshkigal, Erolcha, Geryon, Gloorx Vloq, Lernaean hydra, Mnoleg, Nergalle, Rupert, Serpent of Hell, the Enchantress


Innate Abilities, Weirdness & Mutations

You cannot wear boots.
Your serpentine skin is tough. (AC +5)
You have supernaturally acute eyesight. (SInv)
Armour fits poorly on your strangely shaped body.
Your system is resistant to poisons. (rPois)
You cover ground very slowly.
You have a slow metabolism.
You can spit poison.
You can use your snake-like lower body to constrict enemies.
You have a pair of small horns on your head.
You are partially covered in thin metallic scales. (AC +2)
You tend to lose your temper in combat.
You are dopey. (Int -2)
Your magical capacity is low. (-10% MP)
You occasionally shout uncontrollably at your foes.
Your movements are slightly less encumbered by armour. (ER -2)


Message History

The Executioner completely resists.
The Executioner hits you but does no damage. x3
The golden eye blinks at you. You resist with almost no effort.
Erolcha mumbles some strange words.
Erolcha flickers and vanishes for a moment.
The hell beast is engulfed in blazing flames.
Gloorx Vloq calls on the powers of darkness!
Your body is wracked with pain!
* * * LOW HITPOINT WARNING * * *
The shining eye convulses!
The golden eye convulses!
The eye of draining convulses!
The Enchantress convulses!
The 27-headed Lernaean hydra convulses!
Erolcha convulses!
Rupert convulses!
Xtahua convulses!
The large abomination closely misses you.
Ereshkigal is engulfed in blazing flames.
The Executioner completely misses you.
The Executioner hits you but does no damage.
The Executioner closely misses you. Geryon tail-slaps you from afar!
You die...

......▓ ......▓
..Dd1§§O......)
......▓
.&§.§§§L.@o....
......▓
.2§2§&&i.D.....
......▓
...R§2§........
......▓
........D......
......▓
▓....1X&§.▓
.▓....▓ .
▓▓.XX&1w§▓▓ .
......
..▓..G&@1§§.▓..
......
.....GGX§§.....
.....
....X..........
.....
...............
▓▓▓▓▓
▓▓▓▓▓▓▓▓▓▓▓▓▓▓▓


You could see Asmodeus, Dispater, Tiamat, Gloorx Vloq, Ereshkigal, Mnoleg,
Geryon, the Serpent of Hell, Boris, the 27-headed Lernaean hydra, Xtahua, 2
tentacled monstrosities, an eldritch tentacle (unaware), Rupert, a Brimstone
Fiend, the Enchantress, a hell beast, a balrug, 3 Executioners, a shining eye, a
shadow demon, Erolcha (invisible), 3 large abominations, an eye of draining, an
efreet and a golden eye.

Vanquished Creatures
  A golden dragon (D)
  A lich (D)
  3 Ice Fiends (D)
  A deep elf master archer (D)
  2 quicksilver dragons (D)
  A deep elf blademaster (D)
  2 thorn hunters (D)
  6 shadow dragons (D)
  A deep elf sorcerer (D)
  4 iron dragons (D)
  4 frost giants (D)
  7 orc warlords (D)
  11 spriggan defenders (D)
  2 very ugly things (D)
  A stone giant (D)
  7 ghouls (D)
  An entropy weaver (D)
  3 vampire knights (D)
  Azrael (D)
  A deep elf annihilator (D)
  3 dire elephants (D)
  2 blizzard demons (D)
  An ettin (D)
  A deep elf high priest (D)
  2 fire dragons (D)
  Harold (D)
  7 spriggan air magi (D)
  4 ice dragons (D)
  2 anacondas (D)
  A death knight (D)
  3 satyrs (D)
  14 vault guards (D)
  A dancing weapon (D)
  6 spriggan berserkers (D)
  2 hell hogs (D)
  3 orc high priests (D)
  6 soul eaters (D)
  A deep elf knight (D)
  A fire crab (shapeshifter) (D)
  2 death drakes (D)
  4 spriggan druids (D)
  A skeletal warrior (D)
  2 swamp dragons (D)
  A death drake (shapeshifter) (D)
  4 shambling mangroves (D)
  2 deep elf archers (D)
  4 deep elf magi (D)
  A necromancer (D)
  An orb spider (D)
  5 orc knights (D)
  A harpy (shapeshifter) (D)
  2 wolf spiders (D)
  4 shining eyes (D)
  An oklob plant (D)
  3 ugly things (D)
  A mana viper (shapeshifter) (D)
  A manticore (shapeshifter) (D)
  A glowing shapeshifter (D)
  3 moths of wrath (D)
  A cyclops (D)
  3 orc sorcerers (D)
  Joseph (D)
  An eye of devastation (D)
  A hellion (D)
  A torpor snail (shapeshifter) (D)
  5 efreet (D)
  2 ice devils (D)
  3 demonic crawlers (D)
  2 dryads (D)
  8 rime drakes (D)
  4 yaktaurs (D)
  6 freezing wraiths (D)
  An ancient zyme (D)
  3 red devils (D)
  A merfolk (D)
  A queen bee (shapeshifter) (D)
  3 wind drakes (D)
  A polar bear (shapeshifter) (D)
  5 polar bears (D)
  A jumping spider (D)
  5 trolls (D)
  11 hornets (D)
  A blink frog (shapeshifter) (D)
  3 redbacks (D)
  A spriggan (D)
  A starcursed mass (D)
  A wraith (D)
  3 tarantellas (D)
  2 yaks (D)
  A wyvern (D)
  2 vampires (D)
  4 fire elementals (D)
  2 basilisks (shapeshifter) (D)
  A human (shapeshifter) (D)
  A steam dragon (D)
  A neqoxec (D)
  A golden eye (D)
  A warg (D)
  2 hell hounds (D)
  5 acid dragons (D)
  A floating eye (D)
  A porcupine (D)
  17 orc warriors (D)
  2 swamp drakes (D)
  6 ice beasts (D)
  2 necrophages (D)
  A phantom (D)
  A wolf (D)
  8 ogres (D)
  2 wights (D)
  A small abomination (D)
  3 crimson imps (D)
  3 orc wizards (D)
  A quasit (D)
  An iron imp (D)
  2 jellies (D)
  3 orc priests (D)
  An iguana (D)
  2 river rats (D)
  A shadow imp (D)
  A white imp (D)
  An ooze (D)
  4 adder zombies (D)
  An adder simulacrum (D)
  An orc (D)
  3 bat skeletons (D)
  4 bat zombies (D)
  A ball python zombie (D)
  2 giant cockroach simulacra (D)
  3 giant cockroach zombies (D)
  A jackal skeleton (D)
  A quokka zombie (D)
  2 butterflies (D)
  4 fire vortices (D)
356 creatures vanquished.

Vanquished Creatures (collateral kills)
  2 satyrs (D)
  A cyclops (D)
  2 starcursed masses (D)
  A torpor snail (shapeshifter) (D)
  2 merfolk (D)
  A hornet (D)
  A spriggan (D)
  A necrophage (D)
  A wolf (D)
  An ufetubus (D)
  A bat skeleton (D)
  A jackal (D)
  A bat simulacrum (D)
16 creatures vanquished.

Vanquished Creatures (others)
  Kirke (D)
  Agnes (D)
  Nessos (D)
  Pikel (D)
  Maurice (D)
  Psyche (D)
  A rime drake (D)
  2 polar bears (D)
  Grinder (D)
  Prince Ribbit (D)
  Sigmund (D)
  Grum (D)
  Menkaure (D)
  Blork the orc (D)
  Dowan (D)
  Crazy Yiuf (D)
  Terence (D)
18 creatures vanquished.

Grand Total: 390 creatures vanquished

Notes
Turn   | Place    | Note
-------+----------+-------------------------------------------
     0 | D        | Kidiri the Naga Fighter began the quest for the Orb.
     0 | D        | Reached XP level 1. HP: 21/21 MP: 1/1
     0 | D        | Found a deep blue altar of Sif Muna.
     0 | D        | Found a sacrificial altar of Ru.
     0 | D        | Found a bloodstained altar of Trog.
     0 | D        | Found a stormy altar of Qazlal.
     0 | D        | Found an iron altar of Okawaru.
     0 | D        | Found a sparkling altar of Nemelex Xobeh.
     0 | D        | Found a blossoming altar of Fedhas.
     2 | D        | Found a transporter.
     2 | D        | Found an ancient bone altar of Kikubaaqudgha.
     2 | D        | Found a viscous altar of Jiyva.
     2 | D        | Found a corrupted altar of Lugonu.
     2 | D        | Found a hazy altar of Hepliaklqana.
     2 | D        | Found a burning altar of Makhleb.
     2 | D        | Found an opulent altar of Gozag.
     2 | D        | Killed Crazy Yiuf
    13 | D        | Killed Kirke
    40 | D        | Killed Grum
    84 | D        | Killed Terence
   102 | D        | Became a worshipper of Cheibriados the Contemplative
   103 | D        | Reached skill level 1 in Dodging
   103 | D        | Reached skill level 2 in Stealth
   103 | D        | Reached skill level 1 in Invocations
   103 | D        | Reached skill level 1 in Evocations
   103 | D        | Reached XP level 2. HP: 30/30 MP: 1/3
   156 | D        | Entered arena 2.
   156 | D        | Noticed a yak
   156 | D        | Found a transporter.
   158 | D        | Reached skill level 3 in Stealth
   160 | D        | Killed a yak
   160 | D        | Reached * piety under Cheibriados
   160 | D        | Reached skill level 5 in Fighting
   160 | D        | Reached skill level 5 in Axes
   160 | D        | Reached skill level 4 in Stealth
   160 | D        | Reached XP level 3. HP: 39/39 MP: 3/5
   160 | D        | Reached XP level 4. HP: 46/46 MP: 3/6
   160 | D        | Reached XP level 5. HP: 54/54 MP: 3/7
   192 | D        | Entered arena 3.
   192 | D        | Noticed a merfolk
   192 | D        | Noticed a merfolk
   192 | D        | Noticed a merfolk
   192 | D        | Found a transporter.
   201 | D        | Killed a merfolk
   201 | D        | Reached skill level 5 in Armour
   201 | D        | Reached skill level 6 in Stealth
   201 | D        | Reached skill level 5 in Shields
   201 | D        | Reached XP level 6. HP: 41/63 MP: 7/9
   202 | D        | Killed a merfolk
   202 | D        | Reached ** piety under Cheibriados
   202 | D        | Reached XP level 7. HP: 47/72 MP: 7/10
   203 | D        | Killed a merfolk
   203 | D        | Reached skill level 7 in Stealth
   203 | D        | Reached skill level 5 in Invocations
   213 | D        | Got the ring of Xouzeim {rC+ Str+3 Dex+4}
   310 | D        | Entered arena 4.
   310 | D        | Found a transporter.
   313 | D        | Reached *** piety under Cheibriados
   320 | D        | Entered arena 5.
   320 | D        | Found a transporter.
   321 | D        | Reached **** piety under Cheibriados
   322 | D        | Reached XP level 8. HP: 81/81 MP: 11/11
   328 | D        | Entered arena 6.
   328 | D        | Found a transporter.
   329 | D        | Reached skill level 5 in Evocations
   330 | D        | Reached ***** piety under Cheibriados
   330 | D        | Reached skill level 8 in Stealth
   342 | D        | Identified the Tome of the Shifting Oath (You found it in the Dungeon)
   360 | D        | Killed Dowan
   363 | D        | Killed Maurice
   364 | D        | Entered arena 7.
   364 | D        | Noticed an ancient zyme
   364 | D        | Noticed a starcursed mass
   364 | D        | Noticed a death knight
   365 | D        | Found a transporter.
   366 | D        | Reached ****** piety under Cheibriados
   368 | D        | Killed a death knight
   368 | D        | Reached XP level 9. HP: 81/90 MP: 7/13
   368 | D        | Killed an ancient zyme
   368 | D        | Reached skill level 9 in Stealth
   373 | D        | Killed a starcursed mass
   374 | D        | Killed a starcursed mass
   374 | D        | Reached skill level 5 in Dodging
   375 | D        | Killed a starcursed mass
   449 | D        | Killed Prince Ribbit
   472 | D        | Entered arena 8.
   474 | D        | Found a transporter.
   500 | D        | Entered arena 9.
   500 | D        | Noticed a hell hog
   500 | D        | Noticed an efreet
   500 | D        | Noticed a hell hog
   500 | D        | Noticed an efreet
   501 | D        | Reached skill level 10 in Stealth
   502 | D        | Killed a hell hog
   502 | D        | Reached skill level 10 in Fighting
   502 | D        | Reached XP level 10. HP: 102/102 MP: 9/15
   502 | D        | Killed a hell hog
   502 | D        | Reached skill level 10 in Axes
   503 | D        | Found a transporter.
   554 | D        | Entered arena 10.
   554 | D        | Noticed a shining eye
   554 | D        | Noticed an eye of devastation
   554 | D        | Noticed a shining eye
   555 | D        | Reached skill level 11 in Stealth
   558 | D        | Found a transporter.
   558 | D        | Gained mutation: You are dopey. (Int -2) [a shining eye]
   561 | D        | Killed a shining eye
   564 | D        | Killed a shining eye
   565 | D        | Killed an eye of devastation
   583 | D        | Killed Grinder
   588 | D        | Killed Sigmund
   637 | D        | Entered arena 11.
   639 | D        | Reached XP level 11. HP: 109/111 MP: 11/17
   640 | D        | Found a transporter.
   650 | D        | Got the ring "Rahues" {+Fly rC- Str+4 SInv}
   690 | D        | Entered arena 12.
   690 | D        | Noticed a vampire knight
   690 | D        | Noticed a vampire knight
   690 | D        | Noticed a necromancer
   690 | D        | Noticed a vampire knight
   694 | D        | Killed a necromancer
   696 | D        | Killed a vampire knight
   696 | D        | Reached skill level 10 in Armour
   696 | D        | Reached skill level 12 in Stealth
   696 | D        | Reached skill level 10 in Shields
   697 | D        | Killed a vampire knight
   698 | D        | Killed a vampire knight
   701 | D        | Found a transporter.
   720 | D        | Entered arena 13.
   721 | D        | Noticed a moth of wrath
   721 | D        | Noticed an ettin
   721 | D        | Noticed an orc warlord
   723 | D        | Found a transporter.
   724 | D        | Killed a moth of wrath
   725 | D        | Killed an ettin
   725 | D        | Reached skill level 13 in Stealth
   731 | D        | Killed an orc warlord
   731 | D        | Reached XP level 12. HP: 123/123 MP: 3/19
   788 | D        | Entered arena 14.
   792 | D        | Found a transporter.
   806 | D        | Got the ring of Fouroing {rElec rPois rF++ Int-2 Stlth-}
   809 | D        | Got the ring "Qishiov" {rN+ EV+4}
   819 | D        | Entered arena 15.
   820 | D        | Noticed an orc warlord
   820 | D        | Noticed an orc warlord
   820 | D        | Noticed an orc high priest
   821 | D        | Noticed an orc warlord
   821 | D        | Noticed an orc high priest
   823 | D        | Killed an orc high priest
   823 | D        | Reached skill level 10 in Invocations
   824 | D        | Killed an orc warlord
   824 | D        | Reached skill level 10 in Dodging
   825 | D        | Found a transporter.
   827 | D        | Killed an orc warlord
   827 | D        | Reached skill level 14 in Stealth
   827 | D        | Killed an orc high priest
   828 | D        | Killed an orc warlord
   874 | D        | Got the ring of Liodeat {MR+ SInv}
   883 | D        | Entered arena 16.
   884 | D        | Noticed a deep elf knight
   884 | D        | Noticed a deep elf master archer
   884 | D        | Noticed a deep elf blademaster
   885 | D        | Noticed a deep elf sorcerer
   885 | D        | Noticed a deep elf high priest
   885 | D        | Noticed a deep elf annihilator
   887 | D        | Killed a deep elf blademaster
   887 | D        | Reached skill level 10 in Evocations
   887 | D        | Gained mutation: You can use your snake-like lower body to constrict enemies. [Naga growth]
   887 | D        | Reached XP level 13. HP: 127/134 MP: 14/21
   887 | D        | Killed a deep elf high priest
   887 | D        | Reached skill level 15 in Stealth
   888 | D        | Found a transporter.
   889 | D        | Killed a deep elf sorcerer
   889 | D        | Killed a deep elf annihilator
   890 | D        | Killed a deep elf master archer
   921 | D        | Got the ring "Enuidd" {MR+ Slay+3 Stlth-}
  1022 | D        | Entered arena 17.
  1025 | D        | Noticed an entropy weaver
  1027 | D        | Found a transporter.
  1029 | D        | Killed an entropy weaver
  1029 | D        | Reached skill level 15 in Fighting
  1029 | D        | Reached skill level 16 in Stealth
  1089 | D        | Got the cursed -3 pair of gloves of Grace {*Corrode Str+6 Dex+6}
  1203 | D        | Killed Menkaure
  1212 | D        | Entered arena 18.
  1215 | D        | Noticed a dire elephant
  1215 | D        | Noticed a thorn hunter
  1216 | D        | Noticed a thorn hunter
  1216 | D        | Noticed a spriggan defender
  1217 | D        | Killed a spriggan defender
  1217 | D        | Reached skill level 15 in Axes
  1217 | D        | Reached XP level 14. HP: 147/147 MP: 16/22
  1218 | D        | Killed a thorn hunter
  1220 | D        | Killed a thorn hunter
  1222 | D        | Killed a dire elephant
  1222 | D        | Reached skill level 17 in Stealth
  1231 | D        | Found a transporter.
  1388 | D        | Entered arena 19.
  1392 | D        | Noticed a lich
  1392 | D        | Identified the +4 falchion "Waach" {venom, Dex+2}
  1393 | D        | Noticed a shadow dragon
  1395 | D        | Reached skill level 18 in Stealth
  1396 | D        | Found a transporter.
  1397 | D        | Killed a lich
  1402 | D        | Killed a shadow dragon
  1402 | D        | Reached XP level 15. HP: 126/159 MP: 13/24
  1563 | D        | Entered arena 20.
  1572 | D        | Reached skill level 15 in Armour
  1572 | D        | Reached skill level 15 in Shields
  1574 | D        | Found a transporter.
  1622 | D        | Killed Agnes
  1638 | D        | Gained mutation: Your movements are slightly less encumbered by armour. (ER -2) [mutagenic meat]
  1639 | D        | Gained mutation: You possess an exceptional clarity of mind. [mutagenic meat]
  1640 | D        | Gained mutation: You have a pair of small horns on your head. [mutagenic meat]
  1641 | D        | Gained mutation: Your magical capacity is low. (-10% MP) [mutagenic meat]
  1642 | D        | Gained mutation: Your spells are a little harder to cast, but a little more powerful. [mutagenic meat]
  1643 | D        | Lost mutation: You possess an exceptional clarity of mind. [mutagenic meat]
  1644 | D        | Gained mutation: You are partially covered in thin metallic scales. (AC +2) [mutagenic meat]
  1647 | D        | Gained mutation: You occasionally shout uncontrollably at your foes. [mutagenic meat]
  1648 | D        | Gained mutation: You tend to lose your temper in combat. [mutagenic meat]
  1652 | D        | Lost mutation: Your spells are a little harder to cast, but a little more powerful. [mutagenic meat]
  1659 | D        | Got the amulet of the Little Devil {Inacc *Slow rC+++ MR+ Str+4}
  1773 | D        | Entered arena 21.
  1788 | D        | Noticed an iron dragon
  1789 | D        | Noticed a golden dragon
  1789 | D        | Noticed a shadow dragon
  1789 | D        | Noticed a quicksilver dragon
  1789 | D        | Noticed an iron dragon
  1789 | D        | Noticed an iron dragon
  1789 | D        | Noticed an iron dragon
  1790 | D        | Noticed a quicksilver dragon
  1791 | D        | Killed a quicksilver dragon
  1792 | D        | Killed a quicksilver dragon
  1792 | D        | Reached skill level 19 in Stealth
  1795 | D        | Killed an iron dragon
  1797 | D        | Killed a golden dragon
  1799 | D        | Killed an iron dragon
  1800 | D        | Killed an iron dragon
  1804 | D        | Killed an iron dragon
  1805 | D        | Killed a shadow dragon
  1812 | D        | Found a transporter.
  1920 | D        | Entered arena 22.
  1924 | D        | Noticed a shadow dragon
  1924 | D        | Noticed a ghoul
  1925 | D        | Noticed a shadow dragon
  1925 | D        | Noticed a shadow dragon
  1925 | D        | Noticed a ghoul
  1927 | D        | Noticed a shadow dragon
  1927 | D        | Noticed a ghoul
  1927 | D        | Noticed a ghoul
  1927 | D        | Noticed a ghoul
  1927 | D        | Noticed a ghoul
  1929 | D        | Noticed a ghoul
  1929 | D        | Reached skill level 20 in Stealth
  1929 | D        | Reached XP level 16. HP: 117/174 MP: 15/24
  1931 | D        | Killed a shadow dragon
  1931 | D        | Killed a shadow dragon
  1931 | D        | Reached skill level 15 in Invocations
  1934 | D        | Found a transporter.
  1935 | D        | Killed a shadow dragon
  1935 | D        | Killed a shadow dragon
  2233 | D        | Entered arena 23.
  2244 | D        | Reached skill level 21 in Stealth
  2247 | D        | Found a transporter.
  2294 | D        | Got the amulet of Dostris {Spirit *Contam rN+++ Int+5}
  2309 | D        | Killed Pikel
  2318 | D        | Killed Nessos
  2342 | D        | Entered arena 24.
  2350 | D        | Reached skill level 15 in Evocations
  2352 | D        | Reached XP level 17. HP: 187/187 MP: 12/26
  2353 | D        | Reached skill level 22 in Stealth
  2353 | D        | Reached skill level 15 in Dodging
  2461 | D        | Found a transporter.
  2535 | D        | Got a ring of the Octopus King {rC+ AC+1 EV+1 Str+1 Int+1 Dex+1}
  2581 | D        | Entered arena 25.
  2588 | D        | Noticed an Ice Fiend
  2590 | D        | Noticed an Ice Fiend
  2591 | D        | Noticed an Ice Fiend
  2593 | D        | HP: 9/189 [??? (5)]
  2594 | D        | Killed an Ice Fiend
  2594 | D        | Reached skill level 23 in Stealth
  2594 | D        | Killed an Ice Fiend
  2595 | D        | Killed an Ice Fiend
  2600 | D        | Found a transporter.
  2702 | D        | Killed Psyche
  2703 | D        | Got the ring "Postriyr" {rN+ Int+5}
  2895 | D        | Entered arena 26.
  2895 | D        | Noticed Harold
  2897 | D        | Noticed Joseph
  2897 | D        | Noticed Geryon
  2898 | D        | Noticed Azrael
  2899 | D        | Noticed Gloorx Vloq
  2899 | D        | Noticed Mnoleg
  2899 | D        | Killed Harold
  2900 | D        | Noticed a tentacled monstrosity
  2901 | D        | Noticed an Executioner
  2901 | D        | Noticed an Executioner
  2901 | D        | Noticed an Executioner
  2901 | D        | Killed Joseph
  2902 | D        | Noticed an Executioner
  2902 | D        | Noticed an Executioner
  2902 | D        | Noticed an Executioner
  2902 | D        | Noticed an Executioner
  2902 | D        | Noticed an Executioner
  2902 | D        | Killed Azrael
  2902 | D        | Killed Blork the orc
  2903 | D        | Noticed an Executioner
  2903 | D        | Noticed an Executioner
  2903 | D        | Noticed an Executioner
  2903 | D        | Noticed an Executioner
  2903 | D        | Noticed Nergalle
  2903 | D        | Noticed Asmodeus
  2903 | D        | Noticed the Enchantress
  2904 | D        | Noticed an Executioner
  2904 | D        | Noticed an Executioner
  2904 | D        | Noticed an Executioner
  2904 | D        | Noticed Dispater
  2904 | D        | Noticed the Serpent of Hell
  2905 | D        | Noticed Ereshkigal
  2905 | D        | Noticed the 27-headed Lernaean hydra
  2905 | D        | Noticed Erolcha
  2906 | D        | Noticed a tentacled monstrosity
  2906 | D        | Noticed a Brimstone Fiend
  2906 | D        | Noticed Boris
  2906 | D        | Noticed Rupert
  2906 | D        | HP: 9/192 [Mnoleg/bolt of negative energy (23)]
  2906 | D        | Slain by Geryon

Vault maps used:
D:        sprint_v

Skill      XL: |  1  2  3  4  5  6  7  8  9 10 11 12 13 14 15 16 17 |
---------------+----------------------------------------------------+-----
Fighting       | 4 5 6 7 8 10 11 12 13 15 16 18 20 21 | 21.6
Axes           | 3 5 6 7 8 9 10 12 13 15 16 18 20 22 | 22.9
Armour         | 3 4 5 6 7 8 9 10 12 13 14 16 17 19 | 19.0
Dodging        | 1 2 3 4 5 7 9 10 12 13 14 15 | 15.7
Stealth        | 2 4 6 7 8 10 11 13 14 16 18 20 21 23 | 23.2
Shields        | 3 4 5 6 7 8 9 10 12 13 14 16 17 18 | 18.9
Invocations    | 1 3 4 5 6 7 8 9 10 11 13 14 16 17 | 17.4
Evocations     | 1 3 4 5 6 7 9 10 11 12 13 15 16 | 16.4

Action                   |  1- 3 |  4- 6 |  7- 9 | 10-12 | 13-15 | 16-18 || total
-------------------------+-------+-------+-------+-------+-------+-------++-------
Melee: Broad axe         |     2 |     6 |    12 |    20 |    29 |    28 ||    97
       Constrict         |       |       |       |       |     6 |     6 ||    12
       Headbutt          |       |       |       |       |     3 |    10 ||    13
Invok: Slouch            |       |       |     3 |    18 |    24 |    23 ||    68
  Use: Potion            |     1 |       |       |       |       |     3 ||     4
       Scroll            |       |       |       |       |       |     1 ||     1
 Stab: Distracted        |       |       |     3 |       |     2 |     1 ||     6
  Eat: Chunk             |       |       |       |     2 |    18 |       ||    20
       Fruit             |       |       |       |       |    11 |       ||    11
Armor: Plate armour      |       |     4 |     8 |    13 |     8 |    33 ||    66
Dodge: Dodged            |       |       |       |    14 |    12 |    60 ||    86
Block: Shield            |     3 |    17 |    31 |    39 |    63 |   123 ||   276
